 Dungeon Crawl Stone Soup version 0.30-a0-451-ge042605de7 (webtiles) character file.

Game seed: 13350527765656041191

508 billz999 the Blocker (level 7, -9/60 HPs)
             Began as a Gnoll Wanderer on Dec 11, 2022.
             Was a Follower of Fedhas.
             Mangled by an ogre
             ... wielding a +0 giant spiked club
              (33 damage)
             ... on level 5 of the Dungeon.
             The game lasted 00:14:52 (5732 turns).

billz999 the Blocker (Gnoll Wanderer)               Turns: 5732, Time: 00:14:52

Health: -9/60      AC:  9    Str:  8    XL:     7   Next: 18%
Magic:  12/12      EV: 12    Int: 15    God:    Fedhas [*.....]
Gold:   197        SH:  7    Dex: 15    Spells: 11/13 levels left

rFire   . . .      SeeInvis .    a - +0 dagger
rCold   . . .      Faith    .    e - +0 buckler {AC+3}
rNeg    . . .      Spirit   .    s - +3 robe of Integrity {Dex+2}
rPois   .          Reflect  .    (no helmet)
rElec   .          Harm     .    (no cloak)
rCorr   .          Rampage  .    u - +0 pair of gloves
Will    .....                    (no boots)
Stlth   ++........               m - amulet of the acrobat
HPRegen 0.30/turn                (no ring)
MPRegen 0.13/turn                (no ring)

@: no status effects
A: fangs 1, strong nose, distributed training
a: Renounce Religion


You were on level 5 of the Dungeon.
You worshipped Fedhas.
Fedhas was aware of your devotion.
You visited 1 branch of the dungeon, and saw 5 of its levels.

You collected 197 gold pieces.

Inventory:

Hand Weapons
 a - a +0 dagger (weapon)
Missiles
 q - 2 poisoned darts (quivered)
Armour
 d - a +0 robe
 e - a +0 buckler of protection (worn)
 s - the +3 robe of Integrity (worn) {Dex+2}
   (You found it on level 4 of the Dungeon)

   Dex:       It affects your dexterity (+2).
 u - a +0 pair of gloves (worn)
Jewellery
 m - an amulet of the acrobat (around neck)
 n - a ring of protection from cold
 o - an amulet of reflection
Scrolls
 b - 3 scrolls of teleportation
 c - a scroll of magic mapping {unknown}
 f - a scroll of blinking
 k - a scroll of amnesia
 p - a scroll of fog
 t - a scroll of immolation {unknown}
 w - 2 scrolls of identify
 x - a scroll of enchant armour {unknown}
Potions
 g - a potion of ambrosia
 h - 2 potions of curing
 i - a potion of might {unknown}
 j - 3 potions of flight {unknown}
 l - a potion of lignification {unknown}
 r - a potion of haste {unknown}
 v - a potion of berserk rage {unknown}


   Skills:
 + Level 7.0 Fighting
 + Level 2.4 Short Blades
 + Level 2.4 Long Blades
 + Level 2.4 Axes
 + Level 2.4 Maces & Flails
 + Level 2.4 Polearms
 + Level 2.4 Staves
 + Level 2.4 Ranged Weapons
 + Level 2.4 Throwing
 + Level 2.4 Armour
 + Level 2.4 Dodging
 + Level 2.4 Stealth
 + Level 10.7 Shields
 + Level 2.4 Unarmed Combat
 + Level 3.7 Spellcasting
 + Level 2.0 Conjurations
 + Level 2.0 Hexes
 + Level 2.0 Summonings
 + Level 2.0 Necromancy
 + Level 2.0 Translocations
 + Level 2.0 Transmutations
 + Level 2.0 Fire Magic
 + Level 2.0 Ice Magic
 + Level 2.9 Air Magic
 + Level 2.0 Earth Magic
 + Level 2.0 Poison Magic
 + Level 2.7 Invocations
 + Level 2.4 Evocations


You had 11 spell levels left.
You knew the following spells:

 Your Spells              Type           Power      Damage    Failure   Level
a - Static Discharge      Conj/Air       20%        2-3/arc   12%         2

Your spell library contained the following spells:

 Spells                   Type           Power      Damage    Failure   Level
 Cigotuvi's Dreadful Rot  Necr/Pois/Air  18%        N/A       13%         2
 Ensorcelled Hibernation  Hex/Ice        16%        N/A       14%         2
 Passwall                 Tmut/Erth      6%         N/A       14%         2
 Swiftness                Air            11%        N/A       19%         3
 Gell's Gravitas          Tloc           8%         N/A       28%         3
 Inner Flame              Hex/Fire       8%         N/A       28%         3
 Lesser Beckoning         Tloc           16%        N/A       28%         3
 Teleport Other           Tloc           8%         N/A       28%         3
 Flame Wave               Conj/Fire      8%         2d5       67%         4
 Sticky Flame             Conj/Fire      8%         2d3       67%         4


Dungeon Overview and Level Annotations

Branches:
Dungeon (5/15)
 Temple: D:4-7

Altars:
Elyvilon
Fedhas

Annotations:
D:4 Blork the orc, Eustachio


Innate Abilities, Weirdness & Mutations

You have very sharp teeth.
Your uncanny sense of smell can sniff out nearby items.
Your experience applies equally to all skills.


Message History

The hound looks more healthy.
The hound completely misses you.
Throw: 5 darts (poison)
Press: ? - help, Shift-Dir - straight line, f/p - ogre
Aim: an ogre, wielding a +0 giant spiked club (heavily wounded, poisoned, 77% to hit)
You throw a poisoned dart.
The poisoned dart completely misses the hound.
The poisoned dart hits the ogre!
The ogre looks even sicker.
The ogre is heavily wounded.
The hound closely misses you.
Throw: 4 darts (poison)
Press: ? - help, Shift-Dir - straight line, f/p - ogre
Aim: an ogre, wielding a +0 giant spiked club (heavily wounded, very poisoned, 77% to hit)
You throw a poisoned dart. The poisoned dart hits the hound.
The hound is poisoned.
The hound is almost dead.
You kill the hound!
Fedhas appreciates your contribution to the ecosystem.
Your Conjurations skill increases to level 2!
Your Hexes skill increases to level 2!
Your Summonings skill increases to level 2!
Your Necromancy skill increases to level 2!
Your Translocations skill increases to level 2!
Your Transmutations skill increases to level 2!
Your Fire Magic skill increases to level 2!
Your Ice Magic skill increases to level 2!
Your Earth Magic skill increases to level 2!
Your Poison Magic skill increases to level 2!
The ogre attacks as you move away! The ogre barely misses you.
Throw: 3 darts (poison)
Press: ? - help, Shift-Dir - straight line, f/p - ogre
Aim: an ogre, wielding a +0 giant spiked club (severely wounded, very poisoned, 77% to hit)
You throw a poisoned dart.
The poisoned dart barely misses the ogre.
Unknown command.
You hit the ogre. You bite the ogre, but do no damage.
The ogre is almost dead.
The ogre hits you with a +0 giant spiked club!!
Ouch! That really hurt!
You die...
Fedhas appreciates your contribution to the ecosystem.

#......$....
#.).(....... ∆
#..(...).... ∆
#>....>..... ∆
#...........
#.!.....##..
#.......###.
########(..........
#.@O..((.(.........
########..#........
#...#........
#..#...#....##
#.....###..†.#
#...### #....# ....
#....# . #....#
#....#


You could see an ogre (very poisoned).

Vanquished Creatures
  Prince Ribbit (D:5)
  A scorpion (D:5)
  A necrophage (D:5)
  A hound (D:5)
  An orc wizard (D:3)
  Robin (D:1)
  2 adders
  A shadow imp (D:4)
  3 worms
  A dart slug (D:2)
  3 orcs (D:3)
  4 ball pythons
  9 endoplasms
  A giant cockroach (D:3)
  15 goblins
  13 hobgoblins
  6 jackals
  4 kobolds
  3 quokkas
  6 bats
  3 frilled lizards
  2 rats
82 creatures vanquished.

Vanquished Creatures (others)
  A plant (D:3)
  2 withered plants (D:3)
3 creatures vanquished.

Grand Total: 85 creatures vanquished

Notes
Turn   | Place    | Note
-------+----------+-------------------------------------------
     0 | D:1      | Reached skill level 10 in Shields
     0 | D:1      | billz999 the Gnoll Wanderer began the quest for the Orb.
     0 | D:1      | billz999 set off with the following items: a +0 dagger, a
                  | scroll of teleportation, a potion of heal wounds, a +0
                  | robe, a +0 buckler of protection; and the following spells
                  | available to memorise: Static Discharge, Cigotuvi's
                  | Dreadful Rot.
     0 | D:1      | Reached XP level 1. HP: 23/23 MP: 4/4
   122 | D:1      | Reached XP level 2. HP: 20/29 MP: 5/5
   594 | D:1      | Reached XP level 3. HP: 35/35 MP: 7/7
  1035 | D:2      | Reached skill level 1 in Invocations
  1299 | D:2      | Reached skill level 1 in Short Blades
  1299 | D:2      | Reached skill level 1 in Long Blades
  1299 | D:2      | Reached skill level 1 in Axes
  1299 | D:2      | Reached skill level 1 in Maces & Flails
  1299 | D:2      | Reached skill level 1 in Polearms
  1299 | D:2      | Reached skill level 1 in Staves
  1299 | D:2      | Reached skill level 1 in Ranged Weapons
  1299 | D:2      | Reached skill level 1 in Throwing
  1299 | D:2      | Reached skill level 1 in Armour
  1299 | D:2      | Reached skill level 1 in Dodging
  1299 | D:2      | Reached skill level 1 in Stealth
  1299 | D:2      | Reached skill level 1 in Unarmed Combat
  1299 | D:2      | Reached skill level 1 in Evocations
  1378 | D:2      | Noticed Robin
  1385 | D:2      | Reached XP level 4. HP: 39/41 MP: 8/8
  1645 | D:1      | Killed Robin
  1646 | D:1      | Reached skill level 1 in Conjurations
  1646 | D:1      | Reached skill level 1 in Hexes
  1646 | D:1      | Reached skill level 1 in Summonings
  1646 | D:1      | Reached skill level 1 in Necromancy
  1646 | D:1      | Reached skill level 1 in Translocations
  1646 | D:1      | Reached skill level 1 in Transmutations
  1646 | D:1      | Reached skill level 1 in Fire Magic
  1646 | D:1      | Reached skill level 1 in Ice Magic
  1646 | D:1      | Reached skill level 1 in Earth Magic
  1646 | D:1      | Reached skill level 1 in Poison Magic
  1996 | D:2      | Identified the +1 robe of the Old and Reckless {*Corrode
                  | rElec Int+2 Dex+3}
  2700 | D:3      | Noticed a steam dragon
  2910 | D:3      | Found a faded altar of an unknown god.
  3125 | D:3      | Found a white marble altar of Elyvilon.
  3129 | D:3      | Learned a level 2 spell: Static Discharge
  3523 | D:3      | Prayed at the altar of an unknown god.
  3523 | D:3      | Became a worshipper of Fedhas Madash
  3523 | D:3      | Reached * piety under Fedhas
  3993 | D:4      | Noticed Eustachio
  4148 | D:4      | Noticed a necrophage
  4157 | D:3      | Reached XP level 5. HP: 44/47 MP: 9/9
  4830 | D:4      | Noticed Blork the orc
  4907 | D:4      | Identified the +3 robe of Integrity {Dex+2}
  4934 | D:5      | Entered Level 5 of the Dungeon
  5281 | D:5      | Noticed an ogre
  5281 | D:5      | Noticed an ogre
  5294 | D:5      | Noticed a phantom
  5562 | D:5      | Noticed Prince Ribbit
  5580 | D:5      | Killed Prince Ribbit
  5581 | D:5      | Reached XP level 6. HP: 38/53 MP: 11/11
  5710 | D:5      | Reached XP level 7. HP: 23/60 MP: 12/12
  5732 | D:5      | Mangled by an ogre

Illustrated notes

Levels and vault maps discovered:
D:1:      scummos_arrival_forest, layout_loops_cross
D:2:      layout_rooms, minmay_misc_feat_doors, fountainhead,
          wander_ebering_terrifying_dragon_lair, uniq_robin
D:3:      layout_basic, lemuel_crystal_altar,
          shapermc_ecumenical_altar_flowoftime
D:4:      layout_cave_pods, uniq_eustachio, uniq_blork_the_orc
D:5:      layout_rooms, chequers_temple_overflow_minitemple,
          minmay_temple_entry_glass, ebering_ghost_disaster_area,
          uniq_prince_ribbit1, uniq_crazy_yiuf_cottage

Skill      XL: |  1  2  3  4  5  6  7 |
---------------+----------------------+-----
Shields        | | 10.7
Air Magic      | 2 |  2.9
Invocations    | 1 2 |  2.7
Short Blades   | 1 2 |  2.4
Long Blades    | 1 2 |  2.4
Axes           | 1 2 |  2.4
Maces & Flails | 1 2 |  2.4
Polearms       | 1 2 |  2.4
Staves         | 1 2 |  2.4
Ranged Weapons | 1 2 |  2.4
Throwing       | 1 2 |  2.4
Armour         | 1 2 |  2.4
Dodging        | 1 2 |  2.4
Stealth        | 1 2 |  2.4
Unarmed Combat | 1 2 |  2.4
Evocations     | 1 2 |  2.4
Spellcasting   | 3 |  3.7
Conjurations   | 1 2 |  2.0
Hexes          | 1 2 |  2.0
Summonings     | 1 2 |  2.0
Necromancy     | 1 2 |  2.0
Translocations | 1 2 |  2.0
Transmutations | 1 2 |  2.0
Fire Magic     | 1 2 |  2.0
Ice Magic      | 1 2 |  2.0
Earth Magic    | 1 2 |  2.0
Poison Magic   | 1 2 |  2.0
Fighting       | 7 |  7.0

Action                   |  1- 3 |  4- 6 |  7- 9 || total
-------------------------+-------+-------+-------++-------
Melee: Dagger            |   284 |   477 |     6 ||   767
       Bite              |    34 |    54 |     1 ||    89
Throw: Dart              |       |    32 |     7 ||    39
  Use: Scroll            |       |     6 |       ||     6
       Potion            |       |     4 |       ||     4
 Stab: Sleeping          |     3 |     2 |       ||     5
Armor: Robe              |    71 |   121 |     7 ||   199
Dodge: Dodged            |   155 |   210 |     7 ||   372
Block: Buckler           |    93 |   151 |     5 ||   249

Table legend: (Time is in decaauts)
 A = Elapsed time spent in this place.
 B = Non-inter-level travel time spent in this place.
 C = Inter-level travel time spent in this place.
 D = Time resting spent in this place.
 E = Time spent auto-exploring this place.
 F = Levels seen in this place.
 G = Mean time per level.
                   A        B        C        D        E       F      G
               +--------+--------+--------+--------+--------+-----+--------+
         Total |   5731 |   5126 |    605 |    590 |   3031 |   5 | 1146.2 |
       Dungeon |   5731 |   5126 |    605 |    590 |   3031 |   5 | 1146.2 |
               +--------+--------+--------+--------+--------+-----+--------+

Top non-repeatable levels by time:
     D:3: 1743 daAuts
     D:2: 1417 daAuts
     D:1: 1114 daAuts
     D:4: 955 daAuts
     D:5: 500 daAuts
